 Dungeon Crawl Stone Soup version 0.16.0-12-g7215832 (webtiles) character file.

130 Nefaurd the Ruffian (level 4, 0/35 HPs)
             Began as a Draconian Transmuter on Mar 18, 2015.
             Slain by Sigmund
             ... wielding a +0 scythe
              (8 damage)
             ... on level 3 of the Dungeon.
             The game lasted 00:26:32 (3362 turns).

Nefaurd the Ruffian (Draconian Transmuter)          Turns: 3362, Time: 00:26:32

Health: 0/35       AC:  6    Str: 12    XL:     4   Next: 90%
Magic:  7/7        EV: 12    Int: 15    God:
Gold:   182        SH:  3    Dex: 11    Spells: 1 memorised, 6 levels left

rFire  . . .     SeeInvis .     f - +0 spear
rCold  . . .     Clarity  .     (armour unavailable)
rNeg   . . .     SustAb   .     j - +0 buckler
rPois  .         Gourm    .     (helmet restricted)
rElec  .         Spirit   .     u - +0 cloak
rCorr  .         Warding  .     (no gloves)
rMut   .         Stasis   .     (no boots)
MR     .....                    (no amulet)
Stlth  +.........               (no ring)
                                (no ring)

@: slowed, very slow, not resistant to hostile enchantments, very unstealthy
A: unfitting armour, cold-blooded, AC +5
a: no special abilities


You were on level 3 of the Dungeon.
You were not hungry.

You visited 1 branch of the dungeon, and saw 3 of its levels.

You collected 182 gold pieces.

Inventory:

Hand weapons
 f - a +0 spear (weapon)
 y - a +2 war axe of freezing
Missiles
 b - 73 arrows
 q - 6 javelins (quivered)
Armour
 j - a +0 buckler (worn)
 u - a +0 cloak (worn)
Magical devices
 B - a wand of slowing (0)
Scrolls
 e - 2 scrolls of identify
 g - a scroll of enchant weapon
 h - a scroll of random uselessness {unknown}
 i - a scroll of magic mapping {unknown}
 m - 3 scrolls of recharging
 t - a scroll of remove curse
 w - a scroll of teleportation {unknown}
 z - a scroll of immolation {unknown}
Potions
 c - 2 potions of degeneration {unknown}
 k - a potion of ambrosia {unknown}
 l - a potion of lignification {unknown}
 n - a potion of haste {unknown}
 o - a potion of might {unknown}
 p - a potion of invisibility {unknown}
 r - a potion of heal wounds {unknown}
 s - a potion of curing {unknown}
 A - a potion of poison {unknown}
Books
 d - a book of Changes

   Spells                             Type                      Level
   a - Beastly Appendage              Transmutation                1
   b - Sticks to Snakes               Transmutation                2
   c - Spider Form                    Transmutation/Poison         3
   d - Ice Form                       Ice/Transmutation            4
   e - Blade Hands                    Transmutation                5
Comestibles
 a - 2 bread rations
 v - a slice of pizza
 x - a beef jerky


   Skills:
 - Level 1.1 Fighting
 * Level 3.7 Dodging
 + Level 3.8 Unarmed Combat
 - Level 2.2 Spellcasting
 * Level 2.4 Transmutations


You had 6 spell levels left.
You knew the following spells:

 Your Spells              Type           Power        Failure   Level  Hunger
a - Beastly Appendage     Trmt           #.....       14%         1    #......


Dungeon Overview and Level Annotations

Branches:
Dungeon (3/15)

Altars:

Annotations:
D:3 Sigmund


Innate Abilities, Weirdness & Mutations

Your plain brown scales are hard (AC +5).
Your body does not fit into most forms of armour.
Your cold-blooded metabolism reacts poorly to cold.


Message History

Sigmund casts a spell at you. The puff of flame hits you!
Sigmund points at you and mumbles some strange words.
The magic dart hits you!
A hobgoblin comes into view. It is wielding a club.
The hobgoblin shouts!
Sigmund hits you but does no damage.
An adder comes into view.
The hobgoblin hits you with a club. The hobgoblin closely misses you.
The adder bites you.
* * * LOW HITPOINT WARNING * * *
The adder bites you.
* * * LOW HITPOINT WARNING * * *
The adder bites you.
* * * LOW HITPOINT WARNING * * *
The hobgoblin hits you but does no damage.
There is an escape hatch in the ceiling here.
The adder barely misses you.
Sigmund hits you from afar with a scythe!
You die...

..................
#...................<
#..........#.........
#..............##...$
#.............####...
#.............# #...
###.............######.
#......>..........)[...
#...@g@......######..
#.#...S........## #<.
#...............# ##.
#...##..###......# ##
##. #..## #.....)# # #
#.# #......# #
...#####......# .
..............# #
#######.....†####..#


You could see Sigmund, an adder and a hobgoblin.

Vanquished Creatures
  Ijyb (D:3)
  3 adders
  2 worms (D:2)
  3 giant geckos
  An ooze (D:2)
  An orc (D:3)
  7 hobgoblins
  11 jackals
  2 quokkas
  2 ball pythons (D:2)
  5 bats
  5 giant cockroaches
  3 giant newts
  6 goblins
  10 kobolds
  8 rats
70 creatures vanquished.

Notes
Turn   | Place    | Note
--------------------------------------------------------------
     0 | D:1      | Nefaurd, the Draconian Transmuter, began the quest for the Orb.
     0 | D:1      | Reached XP level 1. HP: 16/16 MP: 3/3
   828 | D:1      | Reached XP level 2. HP: 23/23 MP: 4/4
  1495 | D:2      | Reached XP level 3. HP: 28/28 MP: 6/6
  2060 | D:2      | Noticed a giant frog
  2350 | D:2      | Reached XP level 4. HP: 32/35 MP: 7/7
  2971 | D:3      | Noticed Sigmund
  2974 | D:3      | Noticed Ijyb
  3335 | D:3      | Killed Ijyb
  3362 | D:3      | Slain by Sigmund

Action                   |  1- 3 |  4- 6 || total
-------------------------+-------+-------++-------
Melee: Spear             |   146 |    98 ||   244
       Unarmed           |     1 |       ||     1
Throw: Javelin           |    43 |    15 ||    58
 Cast: Beastly Appendage |     2 |     3 ||     5
  Use: Scroll            |     4 |     1 ||     5
 Stab: Sleeping          |     1 |       ||     1
  Eat: Fruit             |     3 |     1 ||     4
       Pizza             |     1 |       ||     1
       Bread ration      |       |     1 ||     1
